 Dungeon Crawl Stone Soup version 0.32-a0-996-gb3226c233f (webtiles) character file.

Game seed: 16051248146180794900

40028 GiantSquids the Grappler (level 14, -4/116 (118) HPs)
             Began as an Octopode Cinder Acolyte on Apr 24, 2024.
             Was an Initiate of Ignis.
             Slain by a chaos spawn (10 damage)
             ... summoned by an orc sorcerer
             ... on level 2 of the Orcish Mines.
             The game lasted 00:53:33 (13509 turns).

GiantSquids the Grappler (Octopode Cinder Acolyte) Turns: 13509, Time: 00:53:33

HP:   -4/116 (118)  AC: 11    Str: 21 (22) XL:     14   Next: 9%
MP:   15/15         EV: 10    Int: 18      God:    Ignis [......]
Gold: 1458          SH:  0    Dex:  7      Spells: 15/15 levels left

rFire   + .          .
                       - Unarmed
rCold   . . .        (shield currently unavailable)
rNeg    + . .        (helmet currently unavailable)
rPois   +            f - amulet of regeneration
rElec   .            i - ring of positive energy
rCorr   .            p - ring of see invisible
SInv    +            (no ring)
Will    +....        (no ring)
Stlth   ++           (no ring)
HPRegen 1.19/turn    (no ring)
MPRegen 0.14/turn    (no ring)
                     (no ring)

%: no passive effects
@: snake-form, hasted, lightly drained, very quick
A: constrict, boosted hp, almost no armour, amphibious, 8 rings, large,
(camouflage 1), (gelatinous body 1), (nimble swimmer 1), (tentacles),
deterioration 1, (poison resistance)
a: Begin Untransformation, Renounce Religion


You were on level 2 of the Orcish Mines.
You worshipped Ignis.
Ignis was noncommittal.
You were an enormous serpent.
You visited 2 branches of the dungeon, and saw 15 of its levels.
You also visited: Sewer.

You collected 1674 gold pieces.
You spent 216 gold pieces at shops.

Inventory:

Hand Weapons
 s - a +4 double sword of pain
Missiles
 j - 6 javelins
 w - 6 boomerangs
 C - 7 curare-tipped darts (quivered)
 G - 2 throwing nets
Jewellery
 f - an amulet of regeneration (around neck)
 i - a ring of positive energy (left tentacle)
 p - a ring of see invisible (right tentacle)
 v - the ring of Cush {Fly rElec rC- Will+ Int+6}
   (You found it on level 5 of the Dungeon)

   [ring of intelligence]

   Int+6:     It affects your intelligence (+6).
   rC-:       It makes you vulnerable to cold.
   rElec:     It insulates you from electricity.
   Will+:     It increases your willpower.
   Fly:       It grants you flight.
 x - a ring of ice
Talismans
 o - a serpent talisman (active)
Wands
 y - a wand of charming (2)
 D - a wand of digging (1)
 E - a wand of flame (13)
 F - a wand of mindburst (9)
 H - a wand of warping (10)
Scrolls
 g - a scroll of revelation
 m - 8 scrolls of teleportation
 n - 2 scrolls of blinking
 q - 2 scrolls of poison
 B - 2 scrolls of fog
 I - a scroll of enchant weapon
Potions
 b - a potion of berserk rage {unknown}
 d - 5 potions of brilliance
 e - 5 potions of haste
 k - 9 potions of curing
 l - 3 potions of attraction
 r - 3 potions of resistance
 t - a potion of heal wounds {unknown}
 u - 3 potions of enlightenment
 z - 3 potions of might
 A - a potion of lignification


   Skills:
 + Level 10.0 Fighting
 + Level 9.5 Dodging
 - Level 4.0 Stealth
 * Level 14.1 Unarmed Combat
 - Level 1.0 Spellcasting
 - Level 3.0 Fire Magic
 + Level 13.1 Shapeshifting


You had 15 spell levels left.
You didn't know any spells.
Your spell library contained the following spells:

 Spells                   Type           Power      Damage    Failure   Level
 Scorch                   Fire           22%        2d5       9%          2
 Kiss of Death            Conj/Necr      0%         2d5       21%         1
 Sandblast                Erth           0%         2d4       21%         1
 Sting                    Conj/Alch      0%         1d3       21%         1
 Ensorcelled Hibernation  Hex/Ice        0%         N/A       30%         2
 Mercury Vapours          Alch/Air       0%         N/A       30%         2
 Static Discharge         Conj/Air       0%         3-3/arc   30%         2
 Fugue of the Fallen      Necr           0%         N/A       52%         3
 Mephitic Cloud           Conj/Alch/Air  0%         N/A       52%         3
 Passwall                 Erth           0%         N/A       52%         3
 Stone Arrow              Conj/Erth      0%         3d7       52%         3
 Teleport Other           Tloc           0%         N/A       52%         3
 Summon Blazeheart Golem  Fire/Summ      6%         N/A       71%         4
 Anguish                  Hex/Necr       0%         N/A       89%         4
 Animate Dead             Necr           0%         N/A       89%         4
 Olgreb's Toxic Radiance  Alch           0%         N/A       89%         4
 Freezing Cloud           Conj/Ice/Air   0%         6-21      99%         5
 Summon Forest            Summ/Tloc      0%         N/A       99%         5
 Bombard                  Conj/Erth      0%         9d1       100%        6
 Dispersal                Tloc           0%         N/A       100%        6
 Eringya's Noxious Bog    Alch           0%         4d6       100%        6
 Gell's Gavotte           Tloc           0%         2d(11-16) 100%        6
 Haunt                    Necr/Summ      0%         N/A       100%        7
 Orb of Destruction       Conj           0%         9d5       100%        7
 Rimeblight               Ice/Necr       0%         2d3       (prima100%   7
 Spellforged Servitor     Conj/Summ      0%         N/A       100%        7
 Summon Hydra             Summ           0%         N/A       100%        7
 Infestation              Necr           0%         N/A       100%        8


Dungeon Overview and Level Annotations

Branches:
Dungeon (13/15)            Temple (0/1) D:4            Lair (0/5) D:11
    Orc (2/2) D:9             Elf (0/3) Orc:2         Sewer (visited)
 Vaults: D:13-14

Altars:
Dithmenos
Sif Muna
Trog
Wu Jian
Yredelemnul
Zin

Shops:
D:8 [   D:10 *   D:12 !   Orc:2 ??


Innate Abilities, Weirdness & Mutations

You are an enormous serpent.
You have a powerful constriction melee attack.
Your maximum health is increased.
Your armour is entirely melded.
You are incapable of wielding weapons or throwing items.
You cannot wear most types of armour.
You are amphibious.
You can wear up to eight rings at the same time.
((Your skin changes colour to match your surroundings (Stealth+).))
((Your rubbery body absorbs attacks. (AC +1, EV +1)))
((You are camouflaged when in or above water. (Stealth+)))
((You have tentacles for arms and can constrict up to eight enemies at once.))
Your body sometimes deteriorates upon taking damage.
((Your system is resistant to poisons. (rPois)))


Message History

You body-slam the orc high priest!!
Your grab misses the orc high priest.
The orc high priest is moderately wounded.
The orc high priest calls down the wrath of Beogh upon you.
Beogh smites you!
* * * LOW HITPOINT WARNING * * *
Your body deteriorates!
You feel clumsy.
The orc sorcerer casts a spell.
The orc sorcerer points at you and mumbles some strange words.
The bolt of fire hits you! You resist.
* * * LOW HITPOINT WARNING * * *
You barely miss the orc high priest. You grab the orc high priest.
The orc high priest is moderately wounded.
You constrict the orc high priest.
You body-slam the orc high priest!!
The orc high priest is almost dead.
You constrict the orc high priest.
The orc high priest mumbles some strange prayers to Beogh.
You hit the orc high priest but do no damage.
The orc high priest is almost dead.
You constrict the orc high priest.
You kill the orc high priest!
The neqoxec disappears in a puff of smoke!
You body-slam the orc sorcerer!!
Your grab misses the orc sorcerer.
The orc sorcerer is severely wounded.
The orc sorcerer hits you with a +0 dagger.
* * * LOW HITPOINT WARNING * * *
Okay, then.
You feel yourself speed up. The orc sorcerer casts a spell at you.
You resist with some effort.
You lash the orc sorcerer!
You kill the orc sorcerer!
The chaos spawn degenerates into a cloud of primal chaos!
You feel your dexterity returning.
The orc sorcerer points at you and mumbles some strange words.
The bolt of negative energy hits you! You partially resist.
You feel drained.
* * * LOW HITPOINT WARNING * * *
The chaos spawn kicks you!
You die...
Ignis goes out, and joins you in death.

...##..###...## ##.. ##..##...
......###...## ##. ##......
....)###...## # ###.....
....###.#.##. .## #.###))..
..)###..)##..# #..##...###)..
....###)#)##..# #..##.#.###.)).
.....###...##..###..##...###.....
.#....###...##.o#..##...###......
..<....###...##.S)##.).###.......
..)[>...###.))#4#.#...###........
.........###..)§§)†..####........
.........####.#...#.###..........
...........###.....###...........
..#.........###...###............
.#...........###.###.............
..............#####..............
...............###...#........#..


You could see an orc sorcerer and a chaos spawn (summoned).

Vanquished Creatures
  A demonspawn (Orc:2)
  2 boulder beetles (D:12)
  Urug (D:11)
  8 two-headed ogres
  4 centaur warriors
  6 orc high priests (Orc:2)
  A sun demon (Orc:2)
  Sonja (D:12)
  A sixfirhy (Orc:2)
  Lodul (D:12)
  An obsidian bat (Orc:1)
  6 orc sorcerers (Orc:2)
  4 orc knights
  A manticore (D:11)
  An ugly thing (D:13)
  Maurice (D:11)
  2 cyclopes (D:12)
  Joseph (D:8)
  2 gargoyles (D:12)
  A komodo dragon (D:11)
  An unseen horror (D:11)
  A rime drake (D:11)
  An efreet (D:13)
  2 tengu conjurers (D:13)
  8 trolls
  2 hornets
  A shadow (D:12)
  7 slime creatures
  2 wraiths
  23 yaks
  2 basilisks
  3 wargs
  A chaos spawn (Orc:2)
  An acid dragon (D:10)
  A water moccasin (D:8)
  22 orc warriors
  4 ice beasts
  12 ogres
  A black bear (D:4)
  3 wolves (D:11)
  13 centaurs
  4 phantoms
  3 bullfrogs
  A kobold brigand (D:6)
  2 gnoll sergeants
  A brain worm (Sewer)
  3 scorpions
  10 wights
  6 killer bees (D:11)
  An electric eel (D:10)
  A howler monkey (D:10)
  A bombardier beetle (D:5)
  A jelly (D:6)
  22 orc priests
  7 hounds
  A gnoll bouda (D:7)
  Natasha (thrice) (D:4)
  4 iguanas
  2 sleepcaps
  17 orc wizards
  Robin (D:3)
  6 adders
  18 gnolls
  3 river rats (Sewer)
  2 shadow imps
  2 white imps
  5 ufetubi
  A ribbon worm (D:3)
  3 dart slugs
  60 orcs
  4 endoplasms
  5 giant cockroaches
  16 goblins
  8 hobgoblins
  19 jackals
  6 kobolds (D:6)
  5 quokkas
  16 ball pythons
  14 bats
  11 frilled lizards
  8 rats
460 creatures vanquished.

Notes
Turn   | Place    | Note
-------+----------+-------------------------------------------
     0 | D:1      | GiantSquids the Octopode Cinder Acolyte began the quest for
                  | the Orb.
     0 | D:1      | Reached XP level 1. HP: 16/16 MP: 2/2
   105 | D:1      | Reached skill level 1 in Stealth
   108 | D:1      | Reached XP level 2. HP: 12/21 MP: 3/3
   416 | D:1      | Reached XP level 3. HP: 8/26 MP: 4/4
   777 | D:2      | Reached skill level 4 in Unarmed Combat
   817 | D:2      | Found a faded altar of an unknown god.
  1259 | D:3      | Noticed Robin
  1271 | D:3      | Reached XP level 4. HP: 22/31 MP: 5/5
  1285 | D:3      | Killed Robin
  1394 | D:3      | Reached XP level 5. HP: 35/36 MP: 6/6
  1608 | D:3      | Reached skill level 1 in Shapeshifting
  1778 | D:4      | Noticed a phantom
  1791 | D:4      | Killed a phantom
  1792 | D:4      | Reached XP level 6. HP: 23/42 MP: 7/7
  2072 | D:4      | Found a shadowy altar of Dithmenos.
  2090 | D:4      | Noticed Natasha
  2098 | D:4      | Killed Natasha
  2099 | D:4      | Reached XP level 7. HP: 39/46 MP: 8/8
  2313 | D:4      | Reached skill level 5 in Shapeshifting
  2429 | D:4      | Found a staircase to the Ecumenical Temple.
  2475 | D:4      | Noticed Natasha
  2480 | D:4      | Killed Natasha
  2505 | D:4      | Noticed Natasha
  2509 | D:4      | Killed Natasha
  2633 | D:5      | Entered Level 5 of the Dungeon
  2834 | D:5      | Reached XP level 8. HP: 52/52 MP: 9/9
  2834 | D:5      | Found a glowing drain.
  2846 | Sewer    | Entered a sewer
  3311 | D:5      | Identified the ring of Cush {Fly rElec rC- Will+ Int+6}
  3635 | D:5      | Noticed a wraith
  3649 | D:5      | Killed a wraith
  4503 | D:6      | Reached XP level 9. HP: 51/55 MP: 10/10
  5426 | D:7      | Reached skill level 10 in Shapeshifting
  5482 | D:7      | Found a glowing silver altar of Zin.
  5531 | D:7      | Reached skill level 5 in Unarmed Combat
  5539 | D:7      | Got the Lessons on the Nival Shot
  5569 | D:7      | Reached skill level 1 in Dodging
  6024 | D:8      | Reached skill level 6 in Unarmed Combat
  6054 | D:8      | Noticed a troll
  6065 | D:8      | Killed a troll
  6148 | D:8      | Noticed a troll
  6152 | D:8      | Reached XP level 10. HP: 59/64 MP: 11/11
  6373 | D:8      | Reached skill level 7 in Unarmed Combat
  6525 | D:8      | Noticed Joseph
  6648 | D:8      | Found Wafealy's Antique Armour Shop.
  6831 | D:8      | Noticed a two-headed ogre
  6885 | D:8      | Killed a two-headed ogre
  6886 | D:8      | Reached skill level 5 in Fighting
  6914 | D:8      | Killed Joseph
  6926 | D:8      | Reached skill level 8 in Unarmed Combat
  7082 | D:9      | Paralysed by a hornet for 1 turns
  7190 | D:9      | Found a staircase to the Orcish Mines.
  7212 | D:9      | Identified the +7 flail "Jeeroh" {antimagic, Int+2 Dex-5
                  | SInv}
  7390 | D:9      | Identified the +2 cloak of Otaerini {rElec rF+}
  7479 | D:9      | Reached XP level 11. HP: 72/72 MP: 12/12
  7579 | D:10     | Entered Level 10 of the Dungeon
  7612 | D:10     | Reached skill level 5 in Dodging
  7618 | D:10     | Reached skill level 9 in Unarmed Combat
  7751 | D:10     | Found Timuokk's Lightly-Used Armoury.
  7762 | D:10     | Found a basalt altar of Yredelemnul.
  7777 | D:10     | Found an ornate altar of the Wu Jian Council.
  7797 | D:10     | Noticed a two-headed ogre
  7805 | D:10     | Killed a two-headed ogre
  7979 | D:10     | Noticed a two-headed ogre
  7990 | D:10     | Killed a two-headed ogre
  8073 | D:10     | Found a shimmering blue altar of Sif Muna.
  8673 | D:11     | Noticed a two-headed ogre
  8693 | D:11     | Killed a two-headed ogre
  8694 | D:11     | Reached skill level 10 in Unarmed Combat
  8779 | D:11     | Found a staircase to the Lair.
  8825 | D:11     | Noticed Urug
  8834 | D:11     | Killed Urug
  8881 | D:11     | Reached XP level 12. HP: 81/81 MP: 13/13
  8905 | D:11     | You fall into a shaft and drop 2 floors!
  8925 | D:13     | Noticed a six-headed hydra
  8938 | D:13     | Noticed a centaur warrior
  8939 | D:13     | Noticed a centaur warrior
  8946 | D:13     | Killed a centaur warrior
  8957 | D:13     | Killed a centaur warrior
  8960 | D:13     | Reached skill level 11 in Unarmed Combat
  9041 | D:13     | Noticed a two-headed ogre
  9047 | D:13     | Killed a two-headed ogre
  9280 | D:11     | Noticed a two-headed ogre
  9292 | D:11     | Killed a two-headed ogre
  9602 | D:11     | Noticed Maurice
  9611 | D:11     | Killed Maurice
  9878 | D:12     | Noticed a two-headed ogre
  9880 | D:12     | Killed a two-headed ogre
  9882 | D:12     | Noticed a boulder beetle
  9896 | D:12     | Killed a boulder beetle
  9955 | D:12     | Noticed a centaur warrior
  9967 | D:12     | Killed a centaur warrior
 10077 | D:12     | Found Jowiycar's Distillery.
 10082 | D:12     | Bought a potion of resistance for 160 gold pieces
 10107 | D:12     | Reached skill level 12 in Unarmed Combat
 10223 | D:12     | Noticed Sonja
 10251 | D:12     | Killed Sonja
 10548 | D:12     | Reached XP level 13. HP: 89/89 MP: 14/14
 10563 | D:12     | Noticed Lodul
 10591 | D:12     | Killed Lodul
 11417 | Orc:1    | Entered Level 1 of the Orcish Mines
 11441 | D:9      | HP: 5/108 [warg[an orc knight] (9)]
 11443 | D:9      | Reached skill level 13 in Unarmed Combat
 11553 | Orc:1    | Found a bloodstained altar of Trog.
 11898 | Orc:2    | Entered Level 2 of the Orcish Mines
 11898 | Orc:2    | Found a staircase to the Elven Halls.
 11898 | Orc:2    | Found Inumua Uhusy's Magic Scroll Boutique.
 12512 | Orc:2    | Bought a scroll of identify for 28 gold pieces
 12754 | Orc:2    | Found Nuadocur's Magic Scroll Boutique.
 12833 | Orc:2    | Found Xowef's Distillery.
 13082 | Orc:2    | Bought a scroll of identify for 28 gold pieces
 13258 | Orc:1    | Gained mutation: You are frail. (-10% HP) [potion of
                  | mutation]
 13258 | Orc:1    | Gained mutation: You expend magic power (3 MP) to
                  | strengthen your wands. [potion of mutation]
 13258 | Orc:1    | Gained mutation: You are partially covered in iridescent
                  | scales. (AC +2) [potion of mutation]
 13259 | Orc:1    | Lost mutation: You expend magic power (3 MP) to strengthen
                  | your wands. [potion of mutation]
 13259 | Orc:1    | Lost mutation: You are frail. (-10% HP) [potion of
                  | mutation]
 13259 | Orc:1    | Lost mutation: You are partially covered in iridescent
                  | scales. (AC +2) [potion of mutation]
 13259 | Orc:1    | Gained mutation: You are clumsy. (Dex -2) [potion of
                  | mutation]
 13259 | Orc:1    | Gained mutation: You are partially covered in iridescent
                  | scales. (AC +2) [potion of mutation]
 13259 | Orc:1    | Gained mutation: You have hidden genetic potential. [potion
                  | of mutation]
 13259 | Orc:1    | Gained mutation: Your mind is acute. (Int +4, Str/Dex -1)
                  | [potion of mutation]
 13260 | Orc:1    | Lost mutation: You are clumsy. (Dex -2) [potion of
                  | mutation]
 13260 | Orc:1    | Lost mutation: You are partially covered in iridescent
                  | scales. (AC +2) [potion of mutation]
 13260 | Orc:1    | Gained mutation: You are weak. (Str -2) [potion of
                  | mutation]
 13260 | Orc:1    | Gained mutation: You occasionally lose the ability to read
                  | scrolls when taking damage. [potion of mutation]
 13261 | Orc:1    | Lost mutation: You have hidden genetic potential. [potion
                  | of mutation]
 13261 | Orc:1    | Lost mutation: You occasionally lose the ability to read
                  | scrolls when taking damage. [potion of mutation]
 13261 | Orc:1    | Gained mutation: You occasionally lose the ability to read
                  | scrolls when taking damage. [potion of mutation]
 13262 | Orc:1    | Lost mutation: You are weak. (Str -2) [potion of mutation]
 13262 | Orc:1    | Lost mutation: Your mind is acute. (Int +4, Str/Dex -1)
                  | [potion of mutation]
 13262 | Orc:1    | Lost mutation: You occasionally lose the ability to read
                  | scrolls when taking damage. [potion of mutation]
 13262 | Orc:1    | Gained mutation: You are clumsy. (Dex -2) [potion of
                  | mutation]
 13263 | Orc:1    | Lost mutation: You are clumsy. (Dex -2) [potion of
                  | mutation]
 13263 | Orc:1    | Gained mutation: Your body sometimes deteriorates upon
                  | taking damage. [potion of mutation]
 13263 | Orc:1    | Gained mutation: Your system is resistant to poisons.
                  | (rPois) [potion of mutation]
 13494 | Orc:2    | Reached skill level 14 in Unarmed Combat
 13494 | Orc:2    | Reached XP level 14. HP: 47/98 MP: 15/15
 13500 | Orc:2    | Reached skill level 10 in Fighting
 13509 | Orc:2    | Slain by a chaos spawn

Illustrated notes

Levels and vault maps discovered:
D:1:      dpeg_arrival_court, layout_basic
D:2:      layout_loops_ring, hellmonk_ecumenical_altar_blasted,
          minmay_misc_feat_hallway, minmay_stone_trees_small, dk_vineyard_2
D:3:      layout_basic, serial_bayou_pond_c, uniq_robin
D:4:      layout_loops_ring, mainiacjoe_overflow_alcove_2,
          minmay_temple_entry_poolview, kennysheep_generic_room_16, uniq_natasha
D:5:      layout_layer_cave, portal_sewer_entry_b
D:6:      layout_basic, nicolae_twisty_statue_hallways
D:7:      layout_cave_pools, nicolae_overflow_crystal_walls, serial_gnoll_camp,
          gnoll_camp_mini_hut, gnoll_camp_mini_hut, gnoll_camp_mini_sergeant,
          gnoll_camp_mini_doghouse, minmay_checkerbox
D:8:      layout_loops_corners, serial_shops, nicolae_shop_real_fake_doors,
          uniq_joseph
D:9:      layout_rooms, orc_0_dummy, abandoned_shop
D:10:     layout_basic, yredelemnul_altar_generic, kennysheep_mini,
          lemuel_coloured_pillars_altar, kennysheep_donut, minivault_14,
          minmay_shop_damaged
D:11:     layout_gridville, hellmonk_lair_entry_icy, uniq_urug, uniq_maurice
D:12:     layout_loops_ring, serial_rivers, chequers_serial_rivers_large_b,
          chequers_serial_rivers_micro_a, chequers_serial_rivers_room_b,
          chequers_serial_rivers_room_a, chequers_serial_rivers_marsh,
          serial_shops, shop, uniq_sonja, uniq_lodul
D:13:     layout_roguey, uniq_snorg
Orc:1:    layout_caves, trog_butcher_becter
Orc:2:    pf_orc_diabolical, layout_caves, serial_shops, shop

Skill      XL: |  1  2  3  4  5  6  7  8  9 10 11 12 13 14 |
---------------+-------------------------------------------+-----
Stealth        | 1 2 3 4 |  4.0
Unarmed Combat | 4 6 8 10 12 14 | 14.1
Shapeshifting  | 2 4 6 9 10 11 12 13 | 13.1
Dodging        | 2 4 6 8 9 |  9.5
Fighting       | 4 5 7 8 9 10 | 10.0
Spellcasting   | |  1.0
Fire Magic     | |  3.0

Action                     |  1- 3 |  4- 6 |  7- 9 | 10-12 | 13-15 || total
---------------------------+-------+-------+-------+-------+-------++-------
  Melee: Unarmed           |    85 |   119 |   316 |   396 |   308 ||  1224
         Constrict         |    26 |    18 |    83 |    75 |    67 ||   269
         Tentacles         |    13 |    16 |    58 |       |       ||    87
         Punch             |     2 |     3 |     3 |       |       ||     8
         Dagger            |       |       |    20 |       |       ||    20
 Invoke: Fiery Armour      |       |     2 |     6 |     3 |     2 ||    13
         Rising Flame      |       |       |       |       |     1 ||     1
  Evoke: Wand              |       |       |       |     2 |     3 ||     5
    Use: Scroll            |       |       |     8 |     7 |     6 ||    21
         Potion            |       |       |     1 |       |     7 ||     8
   Stab: Sleeping          |     5 |    11 |    18 |     4 |     3 ||    41
 Armour: Skin              |    66 |    56 |   232 |   352 |   182 ||   888
  Dodge: Dodged            |    51 |    55 |   171 |   184 |    86 ||   547
   Form: Serpent           |       |       |     1 |       |       ||     1

Table legend: (Time is in decaauts)
 A = Elapsed time spent in this place.
 B = Non-inter-level travel time spent in this place.
 C = Inter-level travel time spent in this place.
 D = Time resting spent in this place.
 E = Time spent auto-exploring this place.
 F = Levels seen in this place.
 G = Mean time per level.
                   A        B        C        D        E       F      G
               +--------+--------+--------+--------+--------+-----+--------+
         Total |  13367 |  12788 |    579 |    617 |   7895 |  16 |  835.4 |
       Dungeon |  11030 |  10497 |    533 |    325 |   7245 |  13 |  848.5 |
  Orcish Mines |   1930 |   1885 |     45 |    292 |    445 |   2 |  965.0 |
         Sewer |    407 |    407 |      0 |      0 |    205 |   1 |  407.0 |
               +--------+--------+--------+--------+--------+-----+--------+

Top non-repeatable levels by time:
   Orc:2: 1178 daAuts
    D:12: 1157 daAuts
     D:8: 1089 daAuts
    D:11: 1080 daAuts
    D:10: 1070 daAuts
     D:6: 1057 daAuts
     D:4: 989 daAuts
     D:5: 951 daAuts
     D:7: 850 daAuts
   Orc:1: 752 daAuts
     D:9: 640 daAuts
     D:2: 618 daAuts
     D:1: 595 daAuts
     D:3: 484 daAuts
    D:13: 446 daAuts
